General information
- name: BNet
- type: Ladder team game (AT/RT)
- host: Battle.net
- saver: Blahsmack
map: Dragonblight
- players: 6
- length: 19:43
- speed: Fast
- version: 1.21 W3XP
- replay type: Public
» download(96 KB)
Players
team 1 (loser)

»
Jungle-Chen (
orange | 31 APM | 618 actions | 19:41)
2 Dreadlord
1 Sleep
1 Vampiric Aura
» actions
| Assign group hotkey | 11 | |
| Basic commands | 47 | |
| Build / train | 39 | |
| ESC pressed | 1 | |
| Enter build submenu | 25 | |
| Enter hero's abilities submenu | 2 | |
| Right click | 217 | |
| Select / deselect | 188 | |
| Select group hotkey | 51 | |
| Use ability | 37 | |
618 total
» units
| Acolyte | 3 | |
| Ghoul | 6 | |
| Crypt Fiend | 6 | |
| Gargoyle | 1 | |
| Frost Wyrm | 1 | |
17 total
» upgrades
| Creature Carapace | 1 | |
| Web | 1 | |
| Creature Attack | 1 | |
| Freezing Breath | 1 | |
4 total
» buildings
| Ziggurat | 13 | |
| Altar of Darkness | 2 | |
| Crypt | 2 | |
| Graveyard | 1 | |
| Tomb of Relics | 1 | |
| Nerubian Tower | 1 | |
| Spirit Tower | 10 | |
| Halls of the Dead | 1 | |
| Black Citadel | 1 | |
| Sacrificial Pit | 1 | |
| Boneyard | 2 | |
35 total
» build order
00:09 Ziggurat
00:16 Altar of Darkness
00:24 Altar of Darkness
00:36 Crypt
00:42 Crypt
01:24 Graveyard
01:41 Tomb of Relics
01:48 Ziggurat
01:51 Nerubian Tower
03:48 Ziggurat
04:25 Spirit Tower
05:18 Halls of the Dead
05:45 Ziggurat
06:08 Ziggurat
06:15 Ziggurat
06:33 Ziggurat
06:55 Ziggurat
07:18 Spirit Tower
07:26 Spirit Tower
08:02 Spirit Tower
08:23 Ziggurat
09:17 Spirit Tower
09:21 Ziggurat
10:02 Spirit Tower
10:33 Spirit Tower
11:27 Ziggurat
12:52 Spirit Tower
14:10 Black Citadel
14:26 Ziggurat
15:35 Sacrificial Pit
15:43 Spirit Tower
15:48 Ziggurat
16:37 Boneyard
17:01 Boneyard
17:07 Spirit Tower
» items
| Rod of Necromancy | 1 | |
| Potion of Healing | 1 | |
2 total
vincentxp (
teal | 67 APM | 1222 actions | 18:10)
4 Paladin
2 Holy Light
1 Divine Shield
1 Devotion Aura
» actions
| Assign group hotkey | 46 | |
| Basic commands | 1 | |
| Build / train | 61 | |
| Enter build submenu | 24 | |
| Enter hero's abilities submenu | 4 | |
| Right click | 419 | |
| Select / deselect | 212 | |
| Select group hotkey | 405 | |
| Use ability | 50 | |
1222 total
» units
| Peasant | 12 | |
| Footman | 5 | |
| Rifleman | 9 | |
| Mortar Team | 6 | |
| Priest | 6 | |
| Sorceress | 2 | |
| Knight | 5 | |
45 total
» upgrades
| Defend | 1 | |
| Gunpowder | 3 | |
| Long Rifles | 1 | |
| Lumber Harvesting | 1 | |
| Armor | 1 | |
| Fragmentation Shards | 1 | |
8 total
» buildings
| Barracks | 2 | |
| Altar of Kings | 1 | |
| Farm | 11 | |
| Scout Tower | 1 | |
| Arcane Tower | 1 | |
| Lumber Mill | 1 | |
| Blacksmith | 1 | |
| Keep | 1 | |
| Workshop | 1 | |
| Arcane Sanctum | 1 | |
| Town Hall | 1 | |
| Castle | 1 | |
23 total
» build order
00:06 Barracks
00:08 Altar of Kings
00:29 Farm
00:47 Farm
01:32 Scout Tower
02:02 Arcane Tower
02:27 Farm
02:55 Lumber Mill
03:15 Blacksmith
03:42 Farm
04:17 Keep
04:43 Farm
05:01 Barracks
05:49 Farm
06:40 Workshop
08:23 Farm
08:28 Arcane Sanctum
09:35 Town Hall
10:15 Farm
10:16 Farm
12:57 Castle
14:20 Farm
14:57 Farm

»
sonix120 (
blue | 41 APM | 802 actions | 19:34)
3 Blademaster
1 Wind Walk
2 Critical Strike
1 Far Seer
1 Feral Spirit
» actions
| Basic commands | 6 | |
| Build / train | 56 | |
| Enter build submenu | 20 | |
| Enter hero's abilities submenu | 4 | |
| Give item / drop item | 1 | |
| Right click | 438 | |
| Select / deselect | 239 | |
| Use ability | 37 | |
802 total
» units
| Peon | 15 | |
| Grunt | 6 | |
| Troll Headhunter/Berserker | 9 | |
| Demolisher | 9 | |
| Shaman | 2 | |
41 total
» upgrades
| Melee Weapons | 1 | |
| Ranged Weapons | 2 | |
| Shaman Training | 2 | |
5 total
» buildings
| Altar of Storms | 1 | |
| Orc Burrow | 6 | |
| Barracks | 2 | |
| War Mill | 1 | |
| Voodoo Lounge | 1 | |
| Watch Tower | 8 | |
| Stronghold | 1 | |
| Fortress | 1 | |
| Spirit Lodge | 1 | |
22 total
» build order
00:17 Altar of Storms
00:21 Orc Burrow
00:34 Barracks
01:02 War Mill
02:01 Orc Burrow
02:34 Orc Burrow
02:47 Voodoo Lounge
03:44 Watch Tower
05:17 Stronghold
05:27 Watch Tower
06:37 Watch Tower
08:51 Fortress
09:56 Orc Burrow
11:57 Barracks
12:15 Watch Tower
12:17 Watch Tower
12:18 Watch Tower
15:27 Watch Tower
15:38 Spirit Lodge
16:37 Orc Burrow
16:40 Orc Burrow
16:47 Watch Tower
» items
| Rod of Necromancy | 1 | |
| Tiny Great Hall | 1 | |
2 total
team 2 (winner)

»
CheesyBacon (
pink | 65 APM | 1279 actions | 19:41)
5 Warden
2 Fan of Knives
3 Blink
» actions
| Assign group hotkey | 10 | |
| Build / train | 59 | |
| ESC pressed | 4 | |
| Enter build submenu | 30 | |
| Enter hero's abilities submenu | 5 | |
| Right click | 600 | |
| Select / deselect | 171 | |
| Select group hotkey | 318 | |
| Use ability | 82 | |
1279 total
» units
| Wisp | 17 | |
| Glaive Thrower | 12 | |
| Huntress | 4 | |
| Chimaera | 8 | |
41 total
» upgrades
» buildings
| Altar of Elders | 1 | |
| Moon Well | 12 | |
| Ancient of War | 4 | |
| Hunter's Hall | 1 | |
| Ancient of Wonders | 1 | |
| Ancient Protector | 1 | |
| Tree of Ages | 1 | |
| Tree of Eternity | 1 | |
| Ancient of Wind | 1 | |
| Chimaera Roost | 4 | |
27 total
» build order
00:10 Altar of Elders
00:29 Moon Well
01:25 Moon Well
01:36 Ancient of War
02:05 Moon Well
02:21 Hunter's Hall
02:38 Ancient of War
02:59 Moon Well
03:10 Moon Well
03:27 Moon Well
03:55 Moon Well
04:34 Moon Well
04:52 Ancient of Wonders
04:58 Moon Well
05:25 Moon Well
06:08 Ancient Protector
08:11 Moon Well
08:12 Moon Well
08:23 Tree of Ages
09:18 Ancient of War
09:21 Ancient of War
12:09 Tree of Eternity
14:02 Ancient of Wind
15:27 Chimaera Roost
15:28 Chimaera Roost
15:30 Chimaera Roost
15:32 Chimaera Roost
» items
| Moonstone | 4 | |
| Potion of Healing | 3 | |
| Potion of Mana | 1 | |
| Dust of Appearance | 1 | |
9 total
siax123 (
yellow | 27 APM | 528 actions | 19:41)
4 Demon Hunter
2 Immolation
1 Evasion
1 Mana Burn
» actions
| Build / train | 31 | |
| ESC pressed | 2 | |
| Enter build submenu | 18 | |
| Enter hero's abilities submenu | 4 | |
| Remove unit from queue | 1 | |
| Right click | 257 | |
| Select / deselect | 169 | |
| Use ability | 46 | |
528 total
» units
» upgrades
| Strength of the Moon | 1 | |
| Moon Armor | 1 | |
| Corrosive Breath | 1 | |
3 total
» buildings
| Altar of Elders | 1 | |
| Moon Well | 9 | |
| Ancient of War | 1 | |
| Hunter's Hall | 1 | |
| Tree of Ages | 1 | |
| Tree of Eternity | 1 | |
| Ancient of Wind | 1 | |
| Chimaera Roost | 3 | |
18 total
» build order
00:09 Altar of Elders
00:21 Moon Well
02:19 Ancient of War
03:27 Hunter's Hall
04:09 Moon Well
05:14 Moon Well
06:10 Moon Well
07:33 Tree of Ages
08:26 Moon Well
10:11 Tree of Eternity
10:15 Ancient of Wind
10:21 Moon Well
11:17 Moon Well
12:42 Chimaera Roost
12:45 Chimaera Roost
13:38 Chimaera Roost
15:04 Moon Well
18:41 Moon Well
Blahsmack (
red | 41 APM | 818 actions | 19:43)
3 Blood Mage
2 Flame Strike
1 Siphon Mana
» actions
| Basic commands | 21 | |
| Build / train | 77 | |
| Enter build submenu | 29 | |
| Enter hero's abilities submenu | 3 | |
| Remove unit from queue | 2 | |
| Right click | 363 | |
| Select / deselect | 249 | |
| Use ability | 74 | |
818 total
» units
» upgrades
| Masonry | 3 | |
| Lumber Harvesting | 2 | |
| Magic Sentry | 1 | |
| Gunpowder | 3 | |
| Fragmentation Shards | 1 | |
| Flare | 1 | |
11 total
» buildings
| Lumber Mill | 1 | |
| Farm | 7 | |
| Scout Tower | 42 | |
| Altar of Kings | 1 | |
| Guard Tower | 37 | |
| Arcane Vault | 1 | |
| Keep | 1 | |
| Arcane Sanctum | 1 | |
| Castle | 1 | |
| Blacksmith | 1 | |
| Workshop | 2 | |
95 total
» build order
00:14 Lumber Mill
00:18 Farm
01:03 Farm
01:13 Scout Tower
01:17 Scout Tower
01:18 Scout Tower
01:40 Altar of Kings
01:47 Guard Tower
01:50 Guard Tower
01:55 Scout Tower
02:00 Scout Tower
02:01 Scout Tower
02:05 Scout Tower
02:26 Guard Tower
02:26 Guard Tower
02:45 Guard Tower
02:51 Scout Tower
02:53 Scout Tower
02:55 Scout Tower
03:23 Guard Tower
03:24 Guard Tower
03:24 Guard Tower
03:32 Scout Tower
03:34 Scout Tower
03:36 Scout Tower
03:39 Guard Tower
03:46 Guard Tower
03:47 Guard Tower
03:47 Guard Tower
04:01 Scout Tower
04:02 Scout Tower
04:19 Scout Tower
04:21 Scout Tower
04:23 Scout Tower
04:26 Scout Tower
04:29 Guard Tower
04:29 Guard Tower
04:34 Guard Tower
04:35 Guard Tower
04:35 Guard Tower
04:43 Guard Tower
04:43 Guard Tower
05:04 Guard Tower
05:26 Scout Tower
05:27 Scout Tower
05:28 Scout Tower
05:35 Guard Tower
05:39 Arcane Vault
06:20 Scout Tower
06:22 Scout Tower
06:23 Scout Tower
06:42 Guard Tower
06:49 Scout Tower
06:50 Scout Tower
06:51 Scout Tower
06:53 Scout Tower
07:18 Keep
07:19 Guard Tower
07:24 Guard Tower
07:24 Guard Tower
07:27 Guard Tower
07:40 Guard Tower
07:46 Scout Tower
07:47 Scout Tower
07:48 Scout Tower
07:49 Scout Tower
08:15 Guard Tower
08:18 Scout Tower
08:19 Scout Tower
08:20 Scout Tower
08:22 Guard Tower
08:51 Guard Tower
09:15 Guard Tower
09:57 Arcane Sanctum
10:13 Scout Tower
10:14 Scout Tower
10:47 Guard Tower
10:51 Scout Tower
10:51 Scout Tower
12:01 Guard Tower
12:05 Castle
12:12 Blacksmith
13:56 Workshop
14:01 Workshop
14:35 Farm
14:36 Farm
14:37 Farm
14:37 Farm
14:41 Farm
15:52 Scout Tower
15:53 Scout Tower
18:25 Guard Tower
Chat log
(00:11 / All) sonix120: hi all
(00:14 / All) CheesyBacon: hola
(00:19 / Allies) CheesyBacon: towering?
(00:23 / Allies) Blahsmack: gilder base
(00:25 / Allies) Blahsmack: yes
(00:29 / All) sonix120: como estas
(00:31 / Allies) Blahsmack: wood and gold me
(00:33 / Allies) CheesyBacon: go help him fast yellow
(00:45 / Allies) Blahsmack: get ur heroes
(00:48 / Allies) Blahsmack: and donate wood
(00:49 / All) sonix120: are
(00:53 / All) sonix120: how r u
(01:05 / Allies) siax123: wat units shouli get
(01:09 / Allies) CheesyBacon: hunts
(01:11 / Allies) CheesyBacon: ill go ballista
(01:14 / Allies) siax123: kk
(02:20 / Allies) Blahsmack: moon wells
(02:23 / Allies) CheesyBacon: i am
(02:29 / Allies) Blahsmack: pro
(02:34 / Allies) Blahsmack: yellow lumber
(05:30 / Allies) siax123: my god
(07:27 / Allies) siax123: need ne more support
(07:31 / Allies) Blahsmack: yea
(09:02 / Allies) Blahsmack: yelloqw
(09:04 / Allies) Blahsmack: hurry
(09:07 / Allies) Blahsmack: and bring units
(10:39 / Allies) CheesyBacon: brbr one sec
(12:03 / Allies) CheesyBacon: back
(12:19 / Allies) Blahsmack: yellow
(12:22 / Allies) Blahsmack: get chims
(12:24 / Allies) Blahsmack: or something
(12:28 / Allies) CheesyBacon: im workin on it too
(12:29 / Allies) Blahsmack: dryads and bears
(14:03 / Allies) siax123: pink hit blue
(14:13 / Allies) CheesyBacon: after i repair a bit
(14:43 / All) vincentxp: y u guys no unit?
(17:12 / All) vincentxp: 2 sucker teammate
(17:13 / Allies) CheesyBacon: lol
(17:14 / All) vincentxp: hhahahahha
(17:23 / All) CheesyBacon: u just killed ur whole army
(17:27 / All) CheesyBacon: trying to get my hero
(19:01 / Allies) CheesyBacon: gj red
(19:08 / Allies) Blahsmack: yes
(19:12 / Allies) Blahsmack: congratz all
(19:17 / Allies) Blahsmack: you made this win possible